 Dungeon Crawl Stone Soup version 0.18.1-50-g88ac8fd (webtiles) character file.

80 Peloso the Covered (level 4, -1/40 HPs)
             Began as a Minotaur Fighter on Oct 7, 2016.
             Slain by an ogre
             ... wielding a +0 giant club
              (22 damage)
             ... on level 3 of the Dungeon.
             The game lasted 00:02:17 (1227 turns).

Peloso the Covered (Minotaur Fighter)               Turns: 1227, Time: 00:02:17

Health: -1/40      AC:  9    Str: 20    XL:     4   Next: 18%
Magic:  3/3        EV:  5    Int:  5    God:
Gold:   142        SH:  9    Dex: 11    Spells: 0 memorised, 3 levels left

rFire  . . .     SeeInvis .     a - +0 long sword
rCold  . . .     Gourm    .     l - +0 chain mail
rNeg   . . .     Faith    .     c - +0 shield
rPois  .         Spirit   .     (helmet restricted)
rElec  .         Dismiss  .     (no cloak)
rCorr  .         Reflect  .     (no gloves)
SustAt .         Harm     .     (no boots)
MR     .....                    (no amulet)
Stlth  ..........               (no ring)
                                g - ring of flight

@: not resistant to hostile enchantments, extremely unstealthy
A: retaliatory headbutt, horns 2
a: Evoke Flight


You were on level 3 of the Dungeon.
You were not hungry.

You visited 1 branch of the dungeon, and saw 3 of its levels.

You collected 142 gold pieces.

Inventory:

Hand Weapons
 a - a +0 long sword (weapon)
 e - a cursed +0 whip
Armour
 b - a +0 scale mail
 c - a +0 shield (worn)
 l - a +0 chain mail (worn)
Jewellery
 g - a ring of flight (left hand)
Scrolls
 k - a scroll of noise {unknown}
 p - a scroll of identify {unknown}
 q - a scroll of magic mapping {unknown}
 t - a scroll of immolation {unknown}
 u - a scroll of teleportation {unknown}
Potions
 d - a potion of might
 m - a potion of haste {unknown}
 n - a potion of agility {unknown}
 r - a potion of heal wounds {unknown}
 s - a potion of cure mutation {unknown}
Comestibles
 f - 2 bread rations
 h - a meat ration
 i - 2 beef jerkies
 j - a royal jelly
 o - a slice of pizza


   Skills:
 + Level 4.3 Fighting
 + Level 2.7 Long Blades
 + Level 4.6 Armour
 + Level 0.7 Dodging
 + Level 4.5 Shields


You had 3 spell levels left.
You didn't know any spells.

Dungeon Overview and Level Annotations

Branches:
Dungeon (3/15)

Altars:


Innate Abilities, Weirdness & Mutations

You reflexively headbutt those who attack you in melee.
You have a pair of horns on your head.


Message History

You barely miss the bat. The bat hits you but does no damage.
The bat barely misses you. You furiously retaliate!
You headbutt the bat!
You kill the bat!
Found a robe.
Found a stone staircase leading down.
An ogre comes into view. It is wielding a giant club.
The ogre shouts!
You hit the ogre.
The ogre is lightly wounded.
The ogre hits you with a giant club!
Your shield and chain mail prevent you from hitting the ogre.
The ogre is lightly wounded.
The ogre hits you with a giant club!
You hit the ogre.
The ogre is moderately wounded.
The ogre barely misses you.
You slash the ogre! You headbutt the ogre!
The ogre is almost dead.
The ogre hits you with a giant club!!
Ouch! That really hurt!
You die...

.P. ♣.. ♣P. . ♣..
.♣♣. .. ♣ ....♣♣
§♣♣♣♣.♣ ♣PP.♣
♣O♣P.♣♣P
#.♣.P♣♣@§♣....
#.....§§§.§...#
#...###....§..#..
. ####...#......
#<.....#.#....
####...#......
###........
#...##### ...#


You could see an ogre.

Vanquished Creatures
  3 adders (D:2)
  An ooze (D:1)
  2 worms (D:2)
  2 dart slugs
  A giant gecko (D:2)
  A ball python (D:1)
  6 bats
  2 giant cockroaches
  3 goblins
  4 hobgoblins
  3 jackals (D:2)
  4 kobolds
  A quokka (D:2)
  A giant newt (D:1)
  3 rats
37 creatures vanquished.

Notes
Turn   | Place    | Note
--------------------------------------------------------------
     0 | D:1      | Peloso the Minotaur Fighter began the quest for the Orb.
     0 | D:1      | Reached XP level 1. HP: 19/19 MP: 0/0
   133 | D:1      | Reached XP level 2. HP: 27/27 MP: 1/1
   671 | D:2      | Reached XP level 3. HP: 33/33 MP: 2/2
   931 | D:2      | Reached XP level 4. HP: 33/40 MP: 3/3
  1222 | D:3      | Noticed an ogre
  1227 | D:3      | Slain by an ogre

Skill      XL: |  1  2 |
---------------+-------+-----
Armour         | 4 |  4.6
Shields        | 4 |  4.5
Fighting       | 4 |  4.3
Long Blades    | |  2.7
Dodging        | |  0.7

Action                   |  1- 3 |  4- 6 || total
-------------------------+-------+-------++-------
Melee: Long sword        |    73 |    23 ||    96
       Headbutt          |    13 |     5 ||    18
  Use: Scroll            |     1 |       ||     1
  Eat: Chunk             |       |     1 ||     1
Armor: Scale mail        |     8 |       ||     8
       Chain mail        |    20 |    12 ||    32
Dodge: Dodged            |    22 |     6 ||    28
Block: Shield            |    31 |    13 ||    44
